 Dungeon Crawl Stone Soup version 0.30-a0-445-g92f4fb2d71 (webtiles) character file.

Game seed: 16693960660496265690

301 Ayako the Poker (level 6, -3/48 HPs)
             Began as a Human Fighter on Dec 10, 2022.
             Slain by an ogre
             ... wielding a +0 giant club
              (12 damage)
             ... on level 4 of the Dungeon on Dec 11, 2022.
             The game lasted 00:37:12 (2670 turns).

Ayako the Poker (Human Fighter)                     Turns: 2670, Time: 00:37:13

Health: -3/48      AC: 12    Str: 18    XL:     6   Next: 64%
Magic:  0/6        EV:  6    Int:  8    God:
Gold:   201        SH:  0    Dex: 13    Spells: 5/5 levels left

rFire   . . .      SeeInvis .    l - +0 spear
rCold   . . .      Faith    .    (no shield)
rNeg    . . .      Spirit   +    C - +0 plate armour
rPois   .          Reflect  .    o - +0 helmet
rElec   .          Harm     .    (no cloak)
rCorr   .          Rampage  .    (no gloves)
Will    .....                    (no boots)
Stlth   ..........               x - amulet of guardian spirit
HPRegen 0.28/turn                (no ring)
MPRegen 0.10/turn                (no ring)

@: no status effects
A: no striking features
a: no special abilities


You were on level 4 of the Dungeon.
You visited 1 branch of the dungeon, and saw 4 of its levels.

You collected 201 gold pieces.

Inventory:

Hand Weapons
 a - a +0 trident
 j - a +0 scythe
 k - a +0 whip
 l - a +0 spear (weapon)
 r - a +0 mace
 y - a +0 sling
Missiles
 e - 6 boomerangs (quivered)
 h - 47 stones
Armour
 b - a +0 scale mail
 o - a +0 helmet (worn)
 t - a +0 kite shield
 u - a +0 chain mail
 v - the +0 scale mail of Lifaip {rPois rN++ Str-2 Stlth+}
   (You found it on level 3 of the Dungeon)

   Str:       It affects your strength (-2).
   rPois:     It protects you from poison.
   rN:        It greatly protects you from negative energy.
   Stlth:     It makes you more stealthy.
 C - a +0 plate armour (worn)
Jewellery
 c - a +4 ring of evasion
 x - an amulet of guardian spirit (around neck)
 z - a +6 ring of intelligence
Scrolls
 f - 2 scrolls of identify {unknown}
 g - a scroll of enchant weapon {unknown}
 i - a scroll of poison {unknown}
 A - 2 scrolls of teleportation {unknown}
 B - a scroll of amnesia {unknown}
Potions
 d - a potion of might
 m - a potion of lignification {unknown}
 p - a potion of haste {unknown}
 q - 2 potions of degeneration {unknown}
 s - a potion of brilliance {unknown}
 w - a potion of resistance {unknown}


   Skills:
 * Level 3.7 Fighting
 + Level 4.9 Polearms
 + Level 3.9 Armour
 * Level 2.2 Dodging
 - Level 3.0 Shields


You had 5 spell levels left.
You didn't know any spells.
Your spell library contained the following spells:

 Spells                   Type           Power      Damage    Failure   Level
 Chain Lightning          Conj/Air       0%         N/A       100%        9
 Fire Storm               Conj/Fire      0%         5d1       100%        9
 Shatter                  Erth           0%         3d5*      100%        9


Dungeon Overview and Level Annotations

Branches:
Dungeon (4/15)
 Temple: D:4-7

Altars:
Xom


Message History

You hit the orc.
The orc is heavily wounded.
The giant cockroach barely misses you.
The giant cockroach attacks as you move away!
The giant cockroach barely misses you. The orc hits you with a +0 dagger.
The giant cockroach attacks as you move away!
The giant cockroach bites you but does no damage.
The orc hits you but does no damage. The orc hits you with a +0 dagger.
You hit the orc but do no damage.
The orc is heavily wounded.
The orc barely misses you. The orc hits you with a +0 dagger.
The giant cockroach barely misses you.
You hit the orc but do no damage.
The orc is heavily wounded.
The giant cockroach bites you but does no damage.
The orc hits you with a +0 hand axe. The orc hits you but does no damage.
You hit the orc.
You kill the orc!
The giant cockroach bites you. The orc hits you but does no damage.
The giant cockroach bites you but does no damage.
The orc hits you but does no damage.
The dart slug bites you but does no damage.
Things that are here:
a +0 dagger; a +0 scale mail; an orc corpse You hit the dart slug.
The dart slug is lightly wounded.
The giant cockroach barely misses you.
The ogre hits you with a +0 giant club!!
* * * LOW HITPOINT WARNING * * *
The orc hits you with a +0 hand axe.
* * * LOW HITPOINT WARNING * * *
You feel better.
The giant cockroach waves its antennae.
The giant cockroach bites you but does no damage.
The dart slug launches a dart at you.
The slug dart hits you but does no damage.
The orc hits you with a +0 hand axe.
* * * LOW HITPOINT WARNING * * *
The ogre hits you with a +0 giant club!
You die...

########
#....O@#####
#....Bow...##
##....g<.#..#
##....####.##
##.### ##g##
## #..##
##.o##
####w.##
####.###..##


You could see an ogre, a dart slug, an orc, a giant cockroach and a goblin.

Vanquished Creatures
  Sigmund (D:2)
  Terence (D:2)
  An orc wizard (D:4)
  A gnoll (D:1)
  2 adders (D:2)
  3 worms
  A dart slug (D:2)
  5 orcs
  5 bats
  4 endoplasms
  A giant cockroach (D:4)
  5 goblins
  3 hobgoblins
  2 jackals (D:2)
  3 quokkas
  8 ball pythons
  2 frilled lizards
  5 kobolds
  5 rats
58 creatures vanquished.

Vanquished Creatures (others)
  9 plants (D:3)
9 creatures vanquished.

Grand Total: 67 creatures vanquished

Notes
Turn   | Place    | Note
-------+----------+-------------------------------------------
     0 | D:1      | Ayako the Human Fighter began the quest for the Orb.
     0 | D:1      | Reached XP level 1. HP: 18/18 MP: 1/1
   599 | D:1      | Reached XP level 2. HP: 19/24 MP: 2/2
   878 | D:1      | Reached XP level 3. HP: 28/29 MP: 3/3
   886 | D:1      | Reached skill level 1 in Dodging
  1034 | D:2      | Noticed Sigmund
  1049 | D:2      | Killed Sigmund
  1050 | D:2      | Reached skill level 4 in Polearms
  1050 | D:2      | Reached XP level 4. HP: 11/35 MP: 4/4
  1050 | D:2      | Reached XP level 5. HP: 12/41 MP: 5/5
  1180 | D:2      | Reached XP level 6. HP: 45/47 MP: 6/6
  1389 | D:2      | Noticed Terence
  1408 | D:2      | Killed Terence
  1639 | D:2      | Found a faded altar of an unknown god.
  2500 | D:3      | Identified the +0 scale mail of Lifaip {rPois rN++ Str-2
                  | Stlth+}
  2586 | D:4      | Noticed an ogre
  2604 | D:4      | Found a shimmering altar of Xom.
  2670 | D:4      | Slain by an ogre

Illustrated notes

Levels and vault maps discovered:
D:1:      psy_arrival_spokes, layout_basic, minivault_26, minmay_quantized
D:2:      layout_rooms, shapermc_ecumenical_altar_mp_vishouse, uniq_sigmund,
          uniq_terence
D:3:      layout_loops_ring, serial_bayou_lake_a
D:4:      layout_cave_pods, mainiacjoe_overflow_surrounded_room,
          mainiacjoe_overflow_cross_hatched, enter_ossuary_5,
          minmay_fractal_squares_5

Skill      XL: |  1  2  3  4  5  6 |
---------------+-------------------+-----
Dodging        | 1 2 |  2.2
Polearms       | 4 |  4.9
Fighting       | |  3.7
Armour         | |  3.9
Shields        | |  3.0

Action                   |  1- 3 |  4- 6 || total
-------------------------+-------+-------++-------
Melee: Trident           |    81 |       ||    81
       Halberd           |       |   110 ||   110
       Spear             |       |    55 ||    55
       Punch             |       |     2 ||     2
  Use: Potion            |       |     1 ||     1
Armor: Scale mail        |    31 |    19 ||    50
       Plate armour      |       |   106 ||   106
       Chain mail        |       |    49 ||    49
Dodge: Dodged            |    34 |   104 ||   138
Block: Buckler           |    14 |     1 ||    15

Table legend: (Time is in decaauts)
 A = Elapsed time spent in this place.
 B = Non-inter-level travel time spent in this place.
 C = Inter-level travel time spent in this place.
 D = Time resting spent in this place.
 E = Time spent auto-exploring this place.
 F = Levels seen in this place.
 G = Mean time per level.
                   A        B        C        D        E       F      G
               +--------+--------+--------+--------+--------+-----+--------+
         Total |   2752 |   2385 |    367 |    526 |   1190 |   4 |  688.0 |
       Dungeon |   2752 |   2385 |    367 |    526 |   1190 |   4 |  688.0 |
               +--------+--------+--------+--------+--------+-----+--------+

Top non-repeatable levels by time:
     D:1: 1052 daAuts
     D:2: 851 daAuts
     D:3: 769 daAuts
     D:4: 78 daAuts
